 Dungeon Crawl Stone Soup version 0.31-a0-277-g31ea1f65cc (webtiles) character file.

Game seed: 2829290562404637933

5922 Strat the Fighter (level 10, -4/93 HPs)
             Began as a Hill Orc Gladiator on July 15, 2023.
             Was an Elder of Okawaru.
             Slain by a yak (5 damage)
             ... on level 9 of the Dungeon.
             The game lasted 00:21:23 (10003 turns).

Strat the Fighter (Hill Orc Gladiator)             Turns: 10003, Time: 00:21:24

Health: -4/93      AC: 32    Str: 22    XL:     10   Next: 83%
Magic:  0/10       EV: 15    Int: 11    God:    Okawaru [****..]
Gold:   255        SH:  0    Dex: 12    Spells: 9/9 levels left

rFire   + + .        b - +4 spear "Buwe Kula" {speed, rF+ Int+3}
rCold   + . .        (no shield)
rNeg    . . .        I - +1 plate armour {rPois}
rPois   +            M - +2 helmet
rElec   +            s - +0 cloak
rCorr   +            l - +2 pair of gloves
SInv    .            j - +0 pair of boots
Will    .....        h - amulet of guardian spirit Stlth
                     y - +4 ring of protection
HPRegen 0.35/turn    c - +5 ring of evasion
MPRegen 0.12/turn

%: guardian spirit
@: lethally poisoned (-4 -> -6), resistant, heroic, hasted and slowed, invisible
(expiring)
A: no striking features
a: Renounce Religion, Heroism, Finesse


You were on level 9 of the Dungeon.
You worshipped Okawaru.
Okawaru was greatly pleased with you.
You visited 2 branches of the dungeon, and saw 10 of its levels.

You collected 417 gold pieces.
You spent 162 gold pieces at shops.

Inventory:

Hand Weapons
 a - a +1 flail
 b - the +4 spear "Buwe Kula" (weapon) {speed, rF+ Int+3}
   (You found it on level 3 of the Dungeon)

   Int:       It affects your intelligence (+3).
   rF:        It protects you from fire.
 w - the +3 hammer of Bloodstone {flame, Fragile rN+ Will+ Str+3}
   (You found it on level 7 of the Dungeon)

   Str:       It affects your strength (+3).
   rN:        It protects you from negative energy.
   Fragile:   It will be destroyed if unequipped.
   Will:      It increases your willpower.
Missiles
 d - 3 throwing nets
 e - a javelin
 f - 132 stones
 k - 4 datura-tipped darts
 r - 16 poisoned darts (quivered)
 J - 7 curare-tipped darts
Armour
 j - a +0 pair of boots (worn)
 l - a +2 pair of gloves (worn)
 s - a +0 cloak (worn)
 I - a +1 plate armour of poison resistance (worn)
 M - a +2 helmet (worn)
Jewellery
 c - a +5 ring of evasion (right hand)
 h - an amulet of guardian spirit (around neck)
 n - a +6 ring of intelligence
 y - a +4 ring of protection (left hand)
Wands
 q - a wand of mindburst (10)
 x - a wand of light (12)
 H - a wand of flame (22)
Scrolls
 i - 3 scrolls of amnesia
 u - a scroll of poison
 E - 3 scrolls of enchant weapon
 G - a scroll of fear
 K - a scroll of enchant armour
Potions
 g - 2 potions of haste
 z - a potion of invisibility
 A - a potion of brilliance {unknown}
 B - 4 potions of enlightenment
 D - a potion of mutation {unknown}
 F - a potion of heal wounds {unknown}
 L - a potion of cancellation {unknown}


   Skills:
 - Level 10.0(15.0) Fighting
 - Level 3.2(8.2) Maces & Flails
 + Level 8.8(13.8) Throwing
 - Level 10.0(15.0) Armour
 + Level 4.3(9.3) Dodging


You had 9 spell levels left.
You didn't know any spells.
Your spell library contained the following spells:

 Spells                   Type           Power      Damage    Failure   Level
 Foxfire                  Conj/Fire      0%         2x1d4     97%         1
 Olgreb's Toxic Radiance  Pois           0%         N/A       100%        4
 Plasma Beam              Fire/Air       0%         2x1d10    100%        6
 Starburst                Conj/Fire      0%         6d3       100%        6
 Discord                  Hex            0%         N/A       100%        8
 Ignition                 Fire           0%         3d3       100%        8


Dungeon Overview and Level Annotations

Branches:
Dungeon (9/15)             Temple (1/1) D:5            Lair (0/5) D:9
    Orc: D:9-12

Altars:
Ashenzari
Cheibriados
Dithmenos
Elyvilon
Gozag
Hepliaklqana
Kikubaaqudgha
Makhleb
Nemelex Xobeh
Okawaru
Qazlal
Ru
Sif Muna
Trog
Uskayaw
Vehumet
Wu Jian
Xom
Zin
The Shining One

Shops:
D:5 [[(   D:8 ?


Message History

The kobold brigand throws a curare-tipped dart.
The curare-tipped dart hits the steam dragon.
The steam dragon looks even sicker.
The steam dragon convulses.
The steam dragon dies!
* * * LOW HITPOINT WARNING * * *
You feel very sick.
The black bear growls angrily.
The kobold brigand completely misses you.
Things that are here:
a +0 whip; 8 poisoned darts You barely miss the kobold brigand.
* * * LOW HITPOINT WARNING * * *
You feel sick.
The black bear growls angrily.
You closely miss the kobold brigand.
* * * LOW HITPOINT WARNING * * *
You feel sick.
The black bear growls angrily.
The yak completely misses you.
The kobold brigand hits you but does no damage.
You feel protected.
You flicker for a moment.
* * * LOW HITPOINT WARNING * * *
You feel sick.
The black bear growls angrily.
The kobold brigand misses you.
You strike the helpless kobold brigand from behind!
You hit the kobold brigand.
The kobold brigand is lightly wounded.
* * * LOW HITPOINT WARNING * * *
You feel sick. The yak gores you but does no damage.
The kobold brigand misses you.
You hit the kobold brigand. Your punch misses the kobold brigand.
The kobold brigand is lightly wounded.
You barely miss the kobold brigand.
The kobold brigand is lightly wounded.
* * * LOW HITPOINT WARNING * * *
You feel sick.
The black bear growls angrily.
The yak gores you.
You die...

.................#
.................#
#................#
#................#
#................#
##...........h..##
.##.....##.....###
...#.##..#####..K#
##...###.#######@#
. ........Y..# #Y#
#. #####.[.#.###Y#
.# ###.#.....# #
#.####### #.# ..
#.# .... #)#
....#### #<#


You could see 2 yaks, a black bear (wandering, unable to see you) and a kobold
brigand (unable to see you).

Vanquished Creatures
  A two-headed ogre (D:9)
  Grum (D:8)
  A wyvern (D:9)
  3 yaks (D:6)
  A steam dragon (D:6)
  4 water moccasins
  3 orc warriors
  7 black bears
  5 ice beasts
  4 sky beasts
  3 wolves (D:8)
  A centaur (D:6)
  2 phantoms
  5 kobold brigands
  2 bullfrogs
  3 scorpions
  4 wights (D:7)
  2 howler monkeys
  3 jellies
  Crazy Yiuf (D:7)
  4 orc priests
  2 gnoll boudas
  2 iguanas
  5 orc wizards
  3 sleepcaps
  11 gnolls
  9 adders
  A white imp (D:6)
  2 ufetubi
  A worm (D:3)
  A dart slug (D:2)
  39 orcs
  6 endoplasms
  5 giant cockroaches
  5 goblins
  6 hobgoblins
  4 jackals (D:1)
  23 kobolds
  4 quokkas
  8 ball pythons
  5 bats
  2 frilled lizards
  5 rats
209 creatures vanquished.

Vanquished Creatures (others)
  A steam dragon (D:9)
1 creature vanquished.

Grand Total: 210 creatures vanquished

Notes
Turn   | Place    | Note
-------+----------+-------------------------------------------
     0 | D:1      | Strat the Hill Orc Gladiator began the quest for the Orb.
     0 | D:1      | Reached XP level 1. HP: 18/18 MP: 1/1
   121 | D:1      | Reached XP level 2. HP: 25/26 MP: 2/2
   456 | D:1      | Reached XP level 3. HP: 33/33 MP: 3/3
   680 | D:1      | Found a faded altar of an unknown god.
  1141 | D:2      | Reached skill level 5 in Fighting
  1402 | D:2      | Reached XP level 4. HP: 42/42 MP: 4/4
  2238 | D:3      | Identified the +4 spear "Buwe Kula" {speed, rF+ Int+3}
  2260 | D:3      | Found a sparkling altar of Nemelex Xobeh.
  2388 | D:3      | Reached XP level 5. HP: 26/50 MP: 2/5
  2521 | D:3      | Reached skill level 1 in Armour
  3003 | D:4      | Reached XP level 6. HP: 56/58 MP: 6/6
  3681 | D:4      | Noticed a black bear
  3729 | D:4      | Killed a black bear
  3931 | D:5      | Entered Level 5 of the Dungeon
  3931 | D:5      | Found Punus's Antique Weapon Shop.
  3931 | D:5      | Found Bigel's Antique Armour Shop.
  3931 | D:5      | Found Boatha Atsal's Armour Shop.
  3982 | D:5      | Read ID of !blink, forgot to cancel but no enemies around
  3992 | D:5      | Reached XP level 7. HP: 66/66 MP: 7/7
  4370 | D:5      | Found a staircase to the Ecumenical Temple.
  4376 | Temple   | Entered the Ecumenical Temple
  4437 | Temple   | Became a worshipper of Warmaster Okawaru
  4622 | D:5      | Reached XP level 8. HP: 64/74 MP: 6/8
  5187 | D:6      | Reached * piety under Okawaru
  5188 | D:6      | Reached skill level 5 in Armour
  5476 | D:6      | Found an opulent altar of Gozag.
  5476 | D:6      | Found a glowing silver altar of Zin.
  5478 | D:6      | Found a white marble altar of Elyvilon.
  5568 | D:6      | Found a shimmering altar of Xom.
  5649 | D:6      | Reached skill level 5 in Throwing
  6010 | D:6      | Reached XP level 9. HP: 74/84 MP: 9/9
  6080 | D:6      | Reached ** piety under Okawaru
  6135 | D:6      | Reached skill level 10 in Fighting
  6870 | D:7      | Found a stormy altar of Qazlal.
  7441 | D:7      | Found a runed translucent door.
  7442 | D:7      | Noticed Crazy Yiuf
  7454 | D:7      | Killed Crazy Yiuf
  7454 | D:7      | Reached *** piety under Okawaru
  7460 | D:7      | Identified the +3 hammer of Bloodstone {flame, Fragile rN+
                  | Will+ Str+3}
  7589 | D:8      | Reached XP level 10. HP: 88/93 MP: 10/10
  7703 | D:8      | Found Axecuokh's Magic Scroll Boutique.
  7708 | D:8      | Bought a scroll of enchant armour for 90 gold pieces
  7708 | D:8      | Bought a scroll of teleportation for 36 gold pieces
  7708 | D:8      | Bought a scroll of teleportation for 36 gold pieces
  8066 | D:8      | You fall into a shaft and drop 1 floor!
  8278 | D:8      | Noticed Grum
  8345 | D:8      | Killed Grum
  9208 | D:9      | Found an ancient bone altar of Kikubaaqudgha.
  9542 | D:9      | Noticed a kobold demonologist
  9877 | D:9      | Noticed a rust devil
  9892 | D:9      | Noticed a two-headed ogre
  9894 | D:9      | Found a staircase to the Lair.
  9921 | D:9      | HP: 3/93 [two-headed ogre/+0 giant spiked club (6)]
  9926 | D:9      | Killed a two-headed ogre
  9926 | D:9      | Reached **** piety under Okawaru
  9927 | D:9      | Reached skill level 10 in Armour
  9997 | D:9      | HP: 4/93 [poisoned by a kobold brigand (curare-tipped
                  | dart)]
 10001 | D:9      | HP: 1/93 [poisoned by a kobold brigand (curare-tipped
                  | dart)]
 10003 | D:9      | Slain by a yak

Illustrated notes

#.>.#..
#.#
#[.∩#..
#.#
#####..
#b#
.....∩.
#.#
#.....#
#b#
...8..#
#b#
.##...#
#b# ##..#
####.##@#
.....#
....bbb<#
#####
####b####
#


Turn 3982 on D:5: Read ID of !blink, forgot to cancel but no enemies around

Levels and vault maps discovered:
D:1:      lightli_arrival_chessboard, layout_loops_ring,
          shapermc_ecumenical_altar_petra, minmay_misc_feat_encased
D:2:      layout_loops_ring
D:3:      layout_loops_ring, nemelex_diamond_rough_becter
D:4:      layout_loops_corners
D:5:      layout_loops_ring, minmay_temple_entry_hall,
          nicolae_shop_distant_corner_stores
D:6:      layout_basic, mainiacjoe_overflow_24_doors,
          gammafunk_temple_overflow_forgotten, grunt_potential
D:7:      layout_basic, nicolae_qazlal_scattered_showers,
          uniq_crazy_yiuf_cottage
D:8:      layout_basic, serial_shops, shop, uniq_grum
D:9:      layout_rooms, kennysheep_mini, due_lair_maze_entry_diamond,
          uniq_prince_ribbit1
Temple:   dshaligram_water_room_temple

Skill      XL: |  1  2  3  4  5  6  7  8  9 10 |
---------------+-------------------------------+-----
Fighting       | 3 4 5 6 7 8 9 10 | 10.0
Throwing       | 2 3 4 5 7 8 |  8.8
Armour         | 1 3 4 6 8 10 | 10.0
Dodging        | 4 |  4.3
Maces & Flails | |  3.2

Action                     |  1- 3 |  4- 6 |  7- 9 | 10-12 || total
---------------------------+-------+-------+-------+-------++-------
  Melee: Flail             |   112 |    66 |       |       ||   178
         Punch             |     1 |     4 |     5 |     4 ||    14
         Spear             |       |   137 |   525 |   420 ||  1082
  Throw: Stone             |     6 |       |     8 |       ||    14
         Dart              |       |       |     3 |     5 ||     8
 Invoke: Heroism           |       |       |       |     1 ||     1
  Evoke: Wand              |       |       |       |     2 ||     2
    Use: Scroll            |       |     7 |     7 |     5 ||    19
         Potion            |       |       |     2 |    10 ||    12
   Stab: Sleeping          |     1 |       |       |       ||     1
         Invisible         |       |       |       |     4 ||     4
 Armour: Leather armour    |    44 |       |       |       ||    44
         Ring mail         |       |    45 |    34 |       ||    79
         Plate armour      |       |       |   228 |   319 ||   547
  Dodge: Dodged            |    82 |    82 |   113 |   209 ||   486

Table legend: (Time is in decaauts)
 A = Elapsed time spent in this place.
 B = Non-inter-level travel time spent in this place.
 C = Inter-level travel time spent in this place.
 D = Time resting spent in this place.
 E = Time spent auto-exploring this place.
 F = Levels seen in this place.
 G = Mean time per level.
                   A        B        C        D        E       F      G
               +--------+--------+--------+--------+--------+-----+--------+
         Total |   9761 |   9343 |    418 |   1596 |   5132 |  10 |  976.1 |
       Dungeon |   9684 |   9281 |    403 |   1596 |   5087 |   9 | 1076.0 |
        Temple |     77 |     62 |     15 |      0 |     45 |   1 |   77.0 |
               +--------+--------+--------+--------+--------+-----+--------+

Top non-repeatable levels by time:
     D:8: 1334 daAuts
     D:6: 1245 daAuts
     D:4: 1158 daAuts
     D:2: 1153 daAuts
     D:7: 1035 daAuts
     D:9: 1025 daAuts
     D:3: 952 daAuts
     D:5: 940 daAuts
     D:1: 838 daAuts
  Temple: 77 daAuts
